 Dungeon Crawl Stone Soup version 0.27.0-1-g7a089689b8 (webtiles) character file.

Game seed: 16655009552414014140

169 bnorton916 the Conjurer (level 5, -1/28 HPs)
             Began as a Deep Elf Conjurer on Aug 4, 2021.
             Succumbed to a water moccasin's poison
             ... on level 3 of the Dungeon.
             The game lasted 00:05:34 (2927 turns).

bnorton916 the Conjurer (Deep Elf Conjurer)         Turns: 2927, Time: 00:05:35

Health: -1/28      AC:  2    Str:  4    XL:     5   Next: 25%
Magic:  9/14       EV: 16    Int: 24    God:
Gold:   88         SH:  0    Dex: 13    Spells: 3/14 levels left

rFire    . . .     SeeInvis .   h - +0 dagger (venom)
rCold    . . .     Faith    .   (no shield)
rNeg     . . .     Spirit   .   a - +0 robe
rPois    .         Reflect  .   (no helmet)
rElec    .         Harm     .   (no cloak)
rCorr    .         Rampage  .   (no gloves)
Will     .....                  (no boots)
Stlth    ++........             (no amulet)
HPRegen  0.09/turn              f - +4 ring of evasion
MPRegen  0.14/turn              (no ring)

@: lethally poisoned (-1 -> -14)
A: no striking features
a: no special abilities


You were on level 3 of the Dungeon.
You visited 1 branch of the dungeon, and saw 3 of its levels.
You also visited: Sewer.

You collected 88 gold pieces.

Inventory:

Hand Weapons
 h - a +0 dagger of venom (weapon)
Armour
 a - a +0 robe (worn)
Magical Staves
 g - a staff of earth
Jewellery
 f - a +4 ring of evasion (left hand)
Scrolls
 b - 3 scrolls of teleportation
 c - a scroll of fog
 i - a scroll of identify {unknown}
 k - 4 scrolls of enchant armour {unknown}
 n - 2 scrolls of blinking {unknown}
Potions
 d - a potion of flight {unknown}
 e - 2 potions of lignification {unknown}
 j - 2 potions of haste {unknown}
 l - 2 potions of heal wounds {unknown}
 m - a potion of invisibility {unknown}
 o - a potion of magic {unknown}
 p - a potion of mutation {unknown}


   Skills:
 - Level 2.4 Dodging
 - Level 2.4 Stealth
 + Level 5.2 Spellcasting
 + Level 5.7 Conjurations
 + Level 1.8 Hexes
 + Level 1.3 Translocations


You had 3 spell levels left.
You knew the following spells:

 Your Spells              Type           Power      Damage    Failure   Level
a - Magic Dart            Conj           100%       1d8       1%          1
b - Searing Ray           Conj           66%        3d5       1%          2
c - Fulminant Prism       Conj/Hex       12%        3d9       19%         4
d - Iskenderun's Mystic   Conj/Tloc      23%        2d6       21%         4

Your spell library contained the following spells:

 Spells                   Type           Power      Damage    Failure   Level
 Dazzling Flash           Conj/Hex       48%        N/A       5%          3


Dungeon Overview and Level Annotations

Branches:
Dungeon (3/15)              Sewer (visited)

Altars:

Shops:
D:2 *


Message History

An orc comes into view. It is wielding a +0 mace.
The orc shouts!
Casting: Magic Dart (safe; 1% risk of failure)
Confirm with . or Enter, or press ? or * to list all spells.
Aiming: Magic Dart (safe; 1% risk of failure)
Press: ? - help, Shift-Dir - straight line, f - orc
Aim: an orc, wielding a +0 mace (100% to hit)
The magic dart hits the orc!
You kill the orc!
k - 4 scrolls labelled YLIWUH HEILUCU (gained 3)
Found a stone staircase leading down.
You see here a ball python corpse.
There is a stone staircase leading down here.
A water moccasin comes into view.
The water moccasin hisses angrily.
The water moccasin misses you.
Casting: Magic Dart (safe; 1% risk of failure)
Confirm with . or Enter, or press ? or * to list all spells.
Aiming: Searing Ray (safe; 1% risk of failure)
Press: ? - help, Shift-Dir - straight line, f - water moccasin
Aim: a water moccasin (68% to hit)
The searing ray misses the water moccasin. (Press . to maintain the ray.)
The water moccasin bites you!
Unknown command.
The searing ray hits the water moccasin!
The water moccasin is moderately wounded.
The water moccasin closely misses you. The water moccasin bites you!
You are lethally poisoned!
The water moccasin poisons you!
The searing ray hits the water moccasin!
The water moccasin is severely wounded.
* * * LOW HITPOINT WARNING * * *
You feel very sick. The water moccasin bites you.
* * * LOW HITPOINT WARNING * * *
The searing ray hits the water moccasin!
You kill the water moccasin!
You finish channeling your searing ray.
You die...

..# #.# #.# #.# ## #.#
#. #.####### #.
#>......## #.
#.#####..########.
#@................
#...†#######..#######.
#.##. ##.# ## #. #.##
.. #.†# .. ##.## ...
#..# ... ##.# #.##


There were no monsters in sight!

Vanquished Creatures
  A water moccasin (D:3)
  A hound (D:2)
  5 adders
  2 river rats (Sewer)
  A worm (D:3)
  A dart slug (D:1)
  5 orcs (D:3)
  2 endoplasms (D:1)
  4 giant cockroaches
  6 goblins
  7 hobgoblins (D:1)
  3 kobolds (D:1)
  A quokka (D:2)
  12 ball pythons
  2 bats
  6 frilled lizards
  10 rats
69 creatures vanquished.

Notes
Turn   | Place    | Note
-------+----------+-------------------------------------------
     0 | D:1      | bnorton916 the Deep Elf Conjurer began the quest for the
                  | Orb.
     0 | D:1      | Reached XP level 1. HP: 10/10 MP: 6/6
   150 | D:1      | Reached XP level 2. HP: 15/15 MP: 4/8
   696 | D:1      | Found a faded altar of an unknown god.
   769 | D:1      | Reached skill level 5 in Conjurations
   769 | D:1      | Reached XP level 3. HP: 19/19 MP: 8/10
  1170 | D:1      | Learned a level 2 spell: Searing Ray
  1183 | D:2      | Found Nokoimuwia's General Store.
  1245 | D:2      | Reached XP level 4. HP: 24/24 MP: 4/12
  1392 | D:3      | Learned a level 4 spell: Fulminant Prism
  1397 | D:3      | Learned a level 4 spell: Iskenderun's Mystic Blast
  1713 | D:3      | Found a glowing drain.
  1733 | Sewer    | Entered a sewer
  1780 | Sewer    | Reached skill level 1 in Hexes
  2022 | Sewer    | Reached skill level 5 in Spellcasting
  2397 | Sewer    | Reached skill level 1 in Translocations
  2474 | Sewer    | Reached XP level 5. HP: 28/28 MP: 9/14
  2923 | D:3      | Noticed a water moccasin
  2927 | D:3      | Killed a water moccasin
  2927 | D:3      | Succumbed to a water moccasin's poison

Illustrated notes

Levels and vault maps discovered:
D:1:      amcnicky_arrival_blooded_trapdoor, layout_loops_ring,
          dreamdust_ecumenical_altar_grove
D:2:      layout_rooms, serial_shops, shop
D:3:      layout_basic, cheibrodos_sewer_entry_drain

Skill      XL: |  1  2  3  4 |
---------------+-------------+-----
Spellcasting   | 4 5 |  5.2
Conjurations   | 5 |  5.7
Hexes          | 1 |  1.8
Translocations | 1 |  1.3
Dodging        | |  2.4
Stealth        | |  2.4

Action                   |  1- 3 |  4- 6 || total
-------------------------+-------+-------++-------
Melee: Unarmed           |       |     2 ||     2
 Cast: Magic Dart        |    68 |    46 ||   114
       Searing Ray       |       |     6 ||     6
  Use: Scroll            |       |     2 ||     2
Armor: Robe              |       |     6 ||     6
Dodge: Dodged            |     7 |    29 ||    36
